 Dungeon Crawl Stone Soup version 0.25-a0-105-g2289b3b9f1 (console) character file.

Game seed: 3285538620853701883, levelgen mode: deterministic

28 Kagalorn the Shooter (level 2, 0/25 HPs)
             Began as a Centaur Hunter on Nov 16, 2019.
             Slain by a bat (1 damage)
             ... on level 2 of the Dungeon.
             The game lasted 00:04:12 (1103 turns).

Kagalorn the Shooter (Centaur Hunter)               Turns: 1103, Time: 00:04:12

Health: 0/25       AC:  4    Str: 14    XL:     2   Next: 96%
Magic:  2/2        EV:  9    Int: 10    God:
Gold:   81         SH:  0    Dex:  9    Spells: 1/1 levels left

rFire    . . .     SeeInvis .   (no weapon)
rCold    . . .     Gourm    .   (no shield)
rNeg     . . .     Faith    .   c - +0 leather armour
rPois    .         Spirit   .   (no helmet)
rElec    .         Reflect  .   (no cloak)
rCorr    .         Harm     .   (no gloves)
MR       .....                  (no barding)
Stlth    +.........             (no amulet)
HPRegen  0.08/turn              (no ring)
MPRegen  0.08/turn              (no ring)

@: very quick
A: large, hooves 3, deformed body, speed 2, tough skin 3
a: no special abilities


You were on level 2 of the Dungeon.
You were not hungry.

You visited 1 branch of the dungeon, and saw 2 of its levels.

You collected 81 gold pieces.

Inventory:

Hand Weapons
 a - a +1 shortbow
Missiles
 d - 19 arrows
 e - 11 poisoned darts (quivered)
 h - 21 bolts
Armour
 c - a +0 leather armour (worn)
Scrolls
 b - a scroll of identify {unknown}
 j - a scroll of remove curse {unknown}
Potions
 g - a potion of might {unknown}
 i - 3 potions of curing {unknown}
Comestibles
 f - 5 rations


   Skills:
 + Level 2.9 Fighting
 - Level 5.3 Bows
 - Level 2.0 Dodging
 + Level 0.6 Stealth


You had one spell level left.
You didn't know any spells.
Your spell library was empty.

Dungeon Overview and Level Annotations

Branches:
Dungeon (2/15)

Altars:


Innate Abilities, Weirdness & Mutations

You have hooves in place of feet.
Armour fits poorly on your strangely shaped body.
You cover ground very quickly.
You have extremely tough skin. (AC +3)


Message History

The bat barely misses you. The bat hits you but does no damage.
The bat hits you but does no damage. The bat completely misses you.
The bat hits you but does no damage. The bat completely misses you.
The bat completely misses you.
You barely miss the bat. The bat hits you but does no damage.
The bat closely misses you.
You closely miss the bat. Your kick misses the bat.
The bat hits you but does no damage. The bat closely misses you.
The bat hits you.
* * * LOW HITPOINT WARNING * * *
The bat barely misses you. The bat closely misses you.
The bat hits you but does no damage. The bat barely misses you.
The bat hits you.
You die...

...# .......# #......#
......# ###....#
#########.....######
...................#
...................##
.......#.....r.b@#..##
##.###.#.#####.##.##.##
##.#.....# ##.##.♣.##.##
#.#.#.#####.####.####.##
##.#.#.# #..#.#.###.#..#
#......# #.#.⌠.###.8.#.#
....#.#####..#.###.#.#..#
.##.#.##......###.###...#
.........###.###.♣.###..##


You could see a quokka and a bat.

Vanquished Creatures
  A leopard gecko (D:1)
  3 bats
  A giant cockroach (D:2)
  4 goblins
  5 hobgoblins
  3 jackals (D:1)
  A frilled lizard (D:1)
  4 kobolds (D:1)
  A rat (D:2)
23 creatures vanquished.

Notes
Turn   | Place    | Note
-------+----------+-------------------------------------------
     0 | D:1      | Kagalorn the Centaur Hunter began the quest for the Orb.
     0 | D:1      | Reached XP level 1. HP: 17/17 MP: 1/1
   254 | D:1      | Reached XP level 2. HP: 4/24 MP: 2/2
  1077 | D:2      | HP: 1/25 [quokka (2)]
  1084 | D:2      | HP: 1/25 [bat (1)]
  1098 | D:2      | HP: 1/25 [bat (1)]
  1103 | D:2      | Slain by a bat

Levels and vault maps discovered:
D:1:      lightli_arrival_lavapool, layout_loops_ring
D:2:      layout_rooms, yredelemnul_forgotten_temple_becter,
          grunt_gozag_breadcrumbs, grunt_decor_mini_mirrors, lemuel_flame_loot_1

Skill      XL: |  1  2 |
---------------+-------+-----
Dodging        | 2 |  2.0
Fighting       | |  2.9
Bows           | |  5.3
Stealth        | |  0.6

Action                   || total
-------------------------++-------
Melee: Unarmed           ||   120
       Kick              ||    21
 Fire: Shortbow          ||    13
Armor: Leather armour    ||    62
Dodge: Dodged            ||    82

Table legend:
 A = Non-vault XP
 B = Vault XP
 C = Vault XP percentage of total XP
 D = Non-vault monster count
 E = Vault monster count
 F = Vault count percentage of total count
                 A         B        C        D         E       F
            +---------+---------+-------+---------+---------+-------
      Total |      40 |       0 |   0.0 |      23 |       0 |   0.0
            +---------+---------+-------+---------+---------+-------
        D:1 |      31 |       0 |   0.0 |      18 |       0 |   0.0
        D:2 |       9 |       0 |   0.0 |       5 |       0 |   0.0
            +---------+---------+-------+---------+---------+-------
